 Dungeon Crawl Stone Soup version 0.25.0-1-g7eea58d (webtiles) character file.

Game seed: 3537333579108703661

52620 Dorkslayer the Cleaver (level 14, -3/114 HPs)
             Began as a Demonspawn Berserker on June 22, 2020.
             Was a High Priest of Trog.
             Slain by a fire dragon (4 damage)
             ... on level 6 of the Lair of Beasts.
             The game lasted 01:30:17 (16854 turns).

Dorkslayer the Cleaver (Demonspawn Berserker)      Turns: 16854, Time: 01:30:17

Health: -3/114     AC: 25    Str: 21    XL:     14   Next: 27%
Magic:  0/28       EV: 11    Int:  9    God:    Trog [*****.]
Gold:   574        SH:  5    Dex: 14    Spells: 13/13 levels left

rFire    + . .     SeeInvis .   B - +3 battleaxe (vorpal)
rCold    . . .     Gourm    .   (shield currently unavailable)
rNeg     . . .     Faith    .   q - +4 plate armour
rPois    .         Spirit   +   y - +0 hat
rElec    .         Reflect  +   n - +0 cloak
rCorr    .         Harm     .   (no gloves)
MR       +++..                  t - +0 pair of boots
Stlth    ..........             H - amulet of reflection
HPRegen  1.29/turn              i - ring of flight
MPRegen  0.42/turn              G - ring of magical power

@: lethally poisoned (-3 -> -8), berserk cooldown, flying, regenerating, slowed,
very slow
A: horns 2, molten scales 3, powered by pain 2, magic shield, magic regeneration
a: Berserk, Trog's Hand, Brothers in Arms, Renounce Religion, Stop Flying


You were on level 6 of the Lair of Beasts.
You worshipped Trog.
Trog was extremely pleased with you.
You were very hungry.

You visited 3 branches of the dungeon, and saw 17 of its levels.
You also visited: Ice Cave.

You collected 1862 gold pieces.
You spent 1288 gold pieces at shops.

Inventory:

Hand Weapons
 a - a +1 war axe of flaming
 B - a +3 vorpal battleaxe (weapon)
 I - a +4 lajatang
Missiles
 b - 37 poisoned darts (quivered)
 d - 4 throwing nets
 x - 3 javelins
 K - 2 boomerangs of dispersal
Armour
 n - a +0 cloak (worn)
 q - a +4 plate armour (worn)
 t - a +0 pair of boots (worn)
 y - a +0 hat (worn)
 M - a +2 chain mail of poison resistance
Jewellery
 i - a ring of flight (left hand)
 G - a ring of magical power (right hand)
 H - an amulet of reflection (around neck)
Wands
 f - a wand of acid (7)
 g - a wand of polymorph (11)
 r - a wand of flame (30)
 u - a wand of iceblast (12)
 C - a wand of paralysis (7)
Scrolls
 e - a scroll of holy word {unknown}
 j - 2 scrolls of fog
 l - 8 scrolls of teleportation
 m - 2 scrolls of identify
 v - 3 scrolls of fear
 z - 3 scrolls of remove curse
 D - a scroll of brand weapon
 E - a scroll of magic mapping
Potions
 k - a potion of curing
 o - 2 potions of stabbing
 p - a potion of ambrosia
 s - a potion of mutation
 A - a potion of magic
 F - a potion of haste
Miscellaneous
 h - 2 phantom mirrors
 w - a tin of tremorstones (3/3)
 J - a box of beasts
Comestibles
 c - 21 rations
 L - 13 chunks of flesh


   Skills:
 * Level 11.6 Fighting
 + Level 13.2 Axes
 + Level 6.9 Throwing
 * Level 9.9 Armour
 * Level 8.5 Dodging
 + Level 5.9 Stealth
   Level 0.4 Shields
 * Level 7.6 Evocations


You had 13 spell levels left.
You didn't know any spells.
Your spell library was empty.

Dungeon Overview and Level Annotations

Branches:
Dungeon (9/15)             Temple (0/1) D:4            Lair (6/6) D:8
 Shoals (0/4) Lair:3       Spider (0/4) Lair:3        Slime (0/5) Lair:5
    Orc (2/2) D:9           IceCv (visited)
    Elf: Orc:2

Altars:
Ashenzari
Cheibriados
Elyvilon
Gozag
Trog
Zin

Shops:
D:5 [   D:8 }

Annotations:
Orc:2 Saint Roka


Innate Abilities, Weirdness & Mutations

You have a pair of horns on your head.
You are completely covered in molten scales. (AC +4, rF+)
You sometimes gain power by taking damage.
When hurt, damage is shared between your health and your magic reserves.
You regenerate magic rapidly.


Message History

You slice the fire dragon!!
The fire dragon is moderately wounded.
You hit the plant but do no damage.
You are no longer berserk.
You are exhausted.
You feel yourself slow down.
You feel sick. The fire dragon completely misses you.
The fire dragon claws you!
* * * LOW HITPOINT WARNING * * *
The fire dragon tramples you but does no damage.
You feel very sick.
You slice the fire dragon!!
The fire dragon is heavily wounded.
You feel very sick. The fire dragon breathes flames at you.
The blast of flame hits you! You resist.
* * * LOW HITPOINT WARNING * * *
The fire dragon bites you.
* * * LOW HITPOINT WARNING * * *
The fire dragon barely misses you. The fire dragon tramples you.
You die...

♣♣.♣♣≈≈≈..♣♣♣♣P.≈≈≈≈♣
♣..♣.÷♣♣≈.P♣♣..≈≈≈≈≈♣
♣♣..≈♣♣..≈.♣♣♣.≈≈≈≈≈♣
♣..≈≈♣♣♣..≈.♣♣.≈≈≈≈.♣
♣♣≈.♣≈.♣..≈≈≈♣♣P≈≈≈≈♣
♣≈≈.♣P.♣..≈♣♣♣≈.≈(≈.♣
♣.[♣♣♣..♣♣.≈≈♣♣P≈≈.≈♣
♣♣≈≈♣♣...♣≈≈.≈≈≈D°.♣♣
♣♣≈.♣♣.♣♣♣♣≈.≈≈≈@°°♣
♣≈≈.♣♣♣♣ ♣♣P.≈°..♣♣
.≈.P.### ♣♣♣♣♣♣♣♣
.......##############
....................##
...[.......÷.........#
.#...#.###..#........#
###..### ####.......##
#*#..#######.........#


You could see a fire dragon (catching breath).

Vanquished Creatures
  Gastronok (Lair:2)
  An orc warlord (Orc:1)
  An ettin (Orc:2)
  Josephine (Lair:5)
  2 hydras
  Fannar (Lair:1)
  Harold (D:7)
  A catoblepas (Lair:6)
  An orc high priest (Orc:2)
  A swamp dragon (Lair:6)
  2 orc knights (Orc:2)
  2 orc sorcerers (Orc:2)
  2 ugly things (IceCv)
  A cyclops (Orc:1)
  3 ice statues (IceCv)
  3 black mambas
  12 spiny frogs
  3 rime drakes
  7 komodo dragons
  A demonic crawler (Lair:3)
  2 trolls
  13 polar bears
  7 blink frogs
  7 hippogriffs
  Prince Ribbit (D:6)
  A snapping turtle (Lair:3)
  A dream sheep (Lair:6)
  A raiju (Lair:6)
  5 spriggans (Lair:6)
  4 wraiths (Lair:5)
  31 yaks
  Eustachio (D:6)
  2 wyverns (Lair:6)
  4 basilisks
  2 hungry ghosts (D:9)
  A steam dragon (Lair:6)
  8 wargs
  3 acid dragons (Lair:6)
  9 porcupines
  10 water moccasins
  16 hell hounds (Lair:6)
  19 orc warriors
  Duvessa (D:5)
  15 ice beasts
  3 sky beasts
  14 black bears
  12 ogres
  13 wolves (Lair:6)
  4 centaurs
  5 crocodiles
  Blork the orc (Orc:2)
  A big kobold (D:8)
  13 bullfrogs
  Dowan (D:5)
  3 scorpions
  An electric eel (Lair:3)
  6 howler monkeys
  2 bullfrog zombies
  5 crimson imps
  6 jellies
  Crazy Yiuf (D:2)
  A hound (D:4)
  22 orc wizards
  21 orc priests
  2 centaur skeletons (D:4)
  A bullfrog skeleton (D:5)
  4 iguanas
  17 worker ants
  A hound skeleton (D:6)
  A worker ant zombie (D:9)
  6 gnolls (Orc:2)
  6 adders
  2 shadow imps
  5 oozes
  2 adder skeletons
  3 worms
  2 dart slugs
  5 leopard geckos
  72 orcs
  12 giant cockroaches
  9 goblins
  9 hobgoblins
  12 jackals
  5 quokkas
  4 ball pythons
  5 bats
  4 frilled lizards
  A jackal skeleton (D:4)
  A jackal zombie (D:5)
  8 kobolds
  2 quokka skeletons
  A quokka zombie (D:5)
  9 rats
  13 fungi
  14 plants
584 creatures vanquished.

Vanquished Creatures (collateral kills)
  2 orc knights
  A warg (D:9)
  2 orc warriors
  An orc wizard (Orc:2)
6 creatures vanquished.

Vanquished Creatures (others)
  A water moccasin (Lair:5)
  3 fungi
  16 plants (Lair:6)
20 creatures vanquished.

Grand Total: 610 creatures vanquished

Notes
Turn   | Place    | Note
-------+----------+-------------------------------------------
     0 | D:1      | Dorkslayer the Demonspawn Berserker began the quest for the
                  | Orb.
     0 | D:1      | Reached XP level 1. HP: 18/18 MP: 1/1
   177 | D:1      | Reached skill level 3 in Axes
   220 | D:1      | Gained mutation: You have a pair of small horns on your
                  | head. [demonic ancestry]
   220 | D:1      | Reached XP level 2. HP: 3/24 MP: 2/2
   649 | D:1      | Gained mutation: When hurt, damage is shared between your
                  | health and your magic reserves. [demonic ancestry]
   649 | D:1      | Reached XP level 3. HP: 29/29 MP: 3/3
   865 | D:2      | Noticed a bullfrog
   880 | D:2      | Killed a bullfrog
   880 | D:2      | Reached skill level 1 in Stealth
   880 | D:2      | Gained mutation: You regenerate magic rapidly. [demonic
                  | ancestry]
   880 | D:2      | Reached XP level 4. HP: 8/37 MP: 1/4
   913 | D:2      | Reached ** piety under Trog
  1233 | D:2      | Reached skill level 4 in Axes
  1304 | D:2      | Reached XP level 5. HP: 42/42 MP: 5/5
  1408 | D:2      | Found a white marble altar of Elyvilon.
  1778 | D:2      | Found a runed translucent door.
  1779 | D:2      | Noticed Crazy Yiuf
  1786 | D:2      | Killed Crazy Yiuf
  2118 | D:3      | Reached *** piety under Trog
  2124 | D:3      | Reached XP level 6. HP: 29/48 MP: 3/6
  2831 | D:4      | Reached skill level 5 in Axes
  2882 | D:4      | Reached skill level 1 in Throwing
  3000 | D:4      | Gained mutation: You are partially covered in molten
                  | scales. (AC +2) [demonic ancestry]
  3000 | D:4      | Reached XP level 7. HP: 37/55 MP: 7/7
  3034 | D:4      | Found a snail-covered altar of Cheibriados.
  3236 | D:4      | Found a staircase to the Ecumenical Temple.
  3392 | D:4      | Reached **** piety under Trog
  3492 | D:4      | Reached skill level 7 in Axes
  3492 | D:4      | Reached skill level 5 in Armour
  3492 | D:4      | Reached skill level 5 in Dodging
  3492 | D:4      | Reached skill level 5 in Stealth
  3492 | D:4      | Gained mutation: You sometimes gain a little power by
                  | taking damage. [demonic ancestry]
  3492 | D:4      | Reached XP level 8. HP: 67/67 MP: 8/8
  3493 | D:4      | Gained mutation: You sometimes gain power by taking damage.
                  | [demonic ancestry]
  3493 | D:4      | Reached XP level 9. HP: 75/75 MP: 9/9
  3604 | D:5      | Entered Level 5 of the Dungeon
  3743 | D:5      | Noticed Duvessa
  3744 | D:5      | Noticed Dowan
  3757 | D:5      | Killed Duvessa
  3762 | D:5      | Killed Dowan
  4054 | D:5      | Found Geles's Armour Emporium.
  4388 | D:6      | Found a shattered altar of Ashenzari.
  4435 | D:6      | Noticed Eustachio
  4472 | D:6      | Noticed Prince Ribbit
  4477 | D:6      | Killed Eustachio
  4477 | D:6      | Reached skill level 5 in Throwing
  4477 | D:6      | Gained mutation: You have a pair of horns on your head.
                  | [demonic ancestry]
  4477 | D:6      | Reached XP level 10. HP: 65/82 MP: 10/10
  4489 | D:6      | Killed Prince Ribbit
  4940 | D:6      | Got a spiked leather armour
  5217 | D:6      | Found a bloodstained altar of Trog.
  5226 | D:6      | Got a faintly glowing animal skin
  5301 | D:7      | Identified the cursed +1 leather armour of Too Many Cooks
                  | {*Slow Int+5 SInv} (You found it on level 6 of the Dungeon)
  5312 | D:7      | Identified the cursed +1 animal skin "Weno" {+Inv Str-4
                  | Int+4 Dex+3} (You found it on level 6 of the Dungeon)
  5342 | D:7      | Noticed Harold
  5363 | D:7      | Killed Harold
  5363 | D:7      | Reached skill level 1 in Evocations
  5377 | D:7      | Reached skill level 8 in Axes
  5755 | D:7      | Reached ***** piety under Trog
  6292 | D:8      | Found Iwnoddu's Gadget Shop.
  6304 | D:8      | Bought a wand of clouds (5) for 378 gold pieces
  6350 | D:8      | Found a staircase to the Lair.
  6526 | D:8      | Found an opulent altar of Gozag.
  6791 | D:9      | Found a glowing silver altar of Zin.
  7347 | D:9      | Found a staircase to the Orcish Mines.
  7370 | D:9      | Gained mutation: You are mostly covered in molten scales.
                  | (AC +3) [demonic ancestry]
  7370 | D:9      | Reached XP level 11. HP: 60/89 MP: 8/12
  7593 | Orc:1    | Entered Level 1 of the Orcish Mines
  7622 | Orc:1    | Noticed an orc knight
  7939 | D:9      | Killed an orc knight
  7941 | D:9      | Received a gift from Trog
  7941 | D:9      | Reached skill level 9 in Axes
  8216 | Orc:2    | Entered Level 2 of the Orcish Mines
  8263 | Orc:2    | Noticed an orc warlord
  8510 | Orc:1    | Killed an orc warlord
  8743 | Orc:2    | Noticed an ettin
  8755 | Orc:2    | Killed an ettin
  9097 | Orc:2    | Noticed an orc sorcerer
  9104 | Orc:2    | Killed an orc sorcerer
  9104 | Orc:2    | Reached skill level 10 in Axes
  9118 | Orc:2    | Noticed an orc sorcerer
  9123 | Orc:2    | Paralysed by an orc sorcerer for 3 turns
  9125 | Orc:2    | Noticed Saint Roka
  9129 | Orc:2    | Killed an orc sorcerer
  9377 | Orc:2    | Noticed an orc high priest
  9389 | Orc:2    | Killed an orc high priest
  9401 | Orc:2    | Reached XP level 12. HP: 87/97 MP: 12/15
  9409 | Orc:2    | Noticed Blork the orc
  9415 | Orc:2    | Killed Blork the orc
  9422 | Orc:2    | Reached skill level 10 in Fighting
  9431 | Orc:2    | Reached skill level 5 in Evocations
  9796 | D:8      | Bought a wand of acid (9) for 364 gold pieces
  9796 | D:8      | Bought a phantom mirror for 420 gold pieces
  9796 | D:8      | Bought a wand of iceblast (5) for 126 gold pieces
  9851 | Lair:1   | Entered Level 1 of the Lair of Beasts
  9897 | Lair:1   | Noticed Fannar
  9914 | Lair:1   | Killed Fannar
 10268 | Lair:1   | Reached skill level 11 in Axes
 11288 | Lair:2   | Noticed Gastronok
 11303 | Lair:2   | Killed Gastronok
 11470 | Lair:3   | Noticed a five-headed hydra
 11479 | Lair:3   | Killed a two-headed hydra
 11937 | Lair:3   | Gained mutation: You are completely covered in molten
                  | scales. (AC +4, rF+) [demonic ancestry]
 11937 | Lair:3   | Reached XP level 13. HP: 104/104 MP: 17/17
 12150 | Lair:3   | Found a staircase to the Shoals.
 12206 | Lair:3   | Found a hole to the Spider Nest.
 13055 | Lair:5   | Reached skill level 12 in Axes
 13408 | Lair:5   | Found a staircase to the Slime Pits.
 13448 | Lair:5   | Noticed Josephine
 13457 | Lair:5   | Killed Josephine
 13457 | Lair:5   | Received a gift from Trog
 13815 | Lair:6   | Entered Level 6 of the Lair of Beasts
 13831 | Lair:6   | Found a frozen archway.
 13913 | IceCv    | Entered an ice cave
 15504 | Lair:6   | Reached XP level 14. HP: 113/113 MP: 19/19
 15607 | Lair:6   | Reached skill level 13 in Axes
 16736 | Lair:6   | Received a gift from Trog
 16854 | Lair:6   | HP: 3/114 [fire dragon/blast of flame (8)]
 16854 | Lair:6   | HP: 1/114 [fire dragon (2)]
 16854 | Lair:6   | Slain by a fire dragon

Illustrated notes

Levels and vault maps discovered:
D:1:      lemuel_arrival_hallway, layout_basic
D:2:      layout_loops_ring, marbit_many_paths, uniq_crazy_yiuf_cottage
D:3:      layout_loops_cross
D:4:      layout_basic, cheibriados_altar_1, minmay_temple_entry_junction,
          first_ration
D:5:      layout_cave_pods, serial_shops, shop, uniq_duvessa
D:6:      layout_gridville, ashenzari_conservatory_becter,
          minmay_strange_pillars, bloody_trog, uniq_prince_ribbit1,
          uniq_eustachio
D:7:      layout_rooms, chequers_serial_rivers_small_a, uniq_harold
D:8:      layout_basic, overflow_temple_1_default, lair_entry_dummy,
          serial_shops, shop, blue_anna_alchemist [blue_anna_fruit_fields,
          blue_anna_fruit_fields]
D:9:      layout_small_grid, old_standard_altar, orc_0_dummy,
          chequers_decorated_corner, patterned_corridor
Lair:1:   layout_cave_pods, uniq_fannar
Lair:2:   beast_lair_carwin_large_2, layout_chaotic_city, grunt_megastairs_5,
          uniq_gastronok
Lair:3:   layout_misc_corridors, minmay_shoals_entry_hut,
          nicolae_spider_entry_non_spiders
Lair:4:   layout_roguey, chequers_serial_rivers_marsh, grunt_megastairs_2
Lair:5:   layout_cave_pods, nicolae_slime_entry_slimehenge, uniq_josephine
Lair:6:   hangedman_lair_caniforms_friends, layout_big_grid,
          guppyfry_lair_end_dragon, portal_ice_cave_entry_ice_beasts,
          wad_woods_01, grunt_megastairs_3, lemuel_fruit_fields
Orc:1:    layout_diamond_mine
Orc:2:    grunt_orc_cross, layout_caves

Skill      XL: |  1  2  3  4  5  6  7  8  9 10 11 12 13 14 |
---------------+-------------------------------------------+-----
Axes           | 3 4 5 7 8 10 11 12 13 | 13.2
Dodging        | 2 5 7 8 |  8.5
Stealth        | 1 5 |  5.9
Armour         | 2 5 7 8 9 |  9.9
Fighting       | 4 7 8 9 10 11 | 11.6
Throwing       | 1 4 5 6 |  6.9
Evocations     | 2 4 6 7 |  7.6
Shields        | |  0.4

Action                   |  1- 3 |  4- 6 |  7- 9 | 10-12 | 13-15 || total
-------------------------+-------+-------+-------+-------+-------++-------
Melee: Hand axe          |    67 |   251 |   178 |     9 |       ||   505
       Headbutt          |     8 |    57 |    34 |   113 |   149 ||   361
       War axe           |       |       |       |   245 |     5 ||   250
       Battleaxe         |       |       |       |   306 |   552 ||   858
Throw: Dart              |       |     7 |       |     4 |    28 ||    39
       Boomerang         |       |    22 |    50 |   129 |       ||   201
Invok: Berserk           |       |     1 |     3 |     9 |     6 ||    19
       Trog's Hand       |       |     3 |     2 |    11 |    12 ||    28
       Brothers in Arms  |       |       |       |     3 |       ||     3
 Abil: Evoke Flight      |       |       |       |       |     3 ||     3
Evoke: Wand              |       |       |     2 |    15 |     5 ||    22
       Tin of tremorston |       |       |       |     3 |     3 ||     6
  Use: Potion            |     3 |       |     2 |     7 |     2 ||    14
       Scroll            |       |     3 |     3 |    19 |     4 ||    29
 Stab: Invisible         |     5 |       |       |       |       ||     5
       Sleeping          |     1 |       |     1 |     7 |       ||     9
       Confused          |       |       |     1 |       |       ||     1
  Eat: Chunk             |       |     6 |     8 |    15 |     9 ||    38
       Ration            |       |     1 |       |     8 |     5 ||    14
Armor: Animal skin       |    12 |       |       |       |       ||    12
       Ring mail         |    11 |    78 |    47 |    79 |       ||   215
       Plate armour      |       |       |       |   272 |   453 ||   725
Dodge: Dodged            |    48 |   148 |   109 |   306 |   390 ||  1001
Block: Kite shield       |       |       |       |    44 |       ||    44
       Other             |       |       |       |       |    21 ||    21
